 Dungeon Crawl Stone Soup version 0.26.1-2-gb8aa6d0cf2 (webtiles) character file.

Game seed: 4660435761361930628

1802 leafyfresh the Transmogrifier (level 9, 0/59 HPs)
             Began as a Merfolk Transmuter on Mar 11, 2021.
             Was a Follower of Cheibriados.
             Succumbed to a green ugly thing's poison
             ... on level 7 of the Dungeon.
             The game lasted 00:16:54 (9293 turns).

leafyfresh the Transmogrifier (Merfolk Transmuter)  Turns: 9293, Time: 00:16:54

Health: 0/59       AC:  6    Str: 13    XL:     9   Next: 9%
Magic:  0/12       EV: 13    Int: 14    God:    Cheibriados [*.....]
Gold:   634        SH:  0    Dex: 19    Spells: 3/12 levels left

rFire    . . .     SeeInvis .     - Unarmed
rCold    . . .     Faith    .   (shield currently unavailable)
rNeg     . . .     Spirit   +   a - +0 robe
rPois    .         Reflect  .   r - +0 helmet
rElec    .         Harm     .   w - +2 cloak
rCorr    .         Rampage  .   (gloves currently unavailable)
Will     .....     Rnd*Tele +   (no boots)
Stlth    +.........             g - amulet of guardian spirit
HPRegen  0.19/turn              i - ring of teleportation (curse)
MPRegen  0.13/turn              v - ring of attention (curse)

@: lethally poisoned (0 -> -21), blade hands, very slow
A: change form in water, swift swim, stealthy swim
a: End Transformation, Renounce Religion, Bend Time


You were on level 7 of the Dungeon.
You worshipped Cheibriados.
Cheibriados was aware of your devotion.
You had blades for hands.
You visited 2 branches of the dungeon, and saw 8 of its levels.
You also visited: Ossuary.

You collected 634 gold pieces.

Inventory:

Armour
 a - a +0 robe (worn)
 r - a +0 helmet (worn)
 w - a +2 cloak (worn)
Jewellery
 g - an amulet of guardian spirit (around neck)
 i - a cursed ring of teleportation (left scythe-like blade)
 j - an uncursed ring of poison resistance
 v - a cursed ring of attention (right scythe-like blade)
 x - the ring of Inaniddogg {EV+4 SInv}
   (You found it on level 6 of the Dungeon)

   [ring of evasion]

   It affects your evasion (+4).
   It lets you see invisible.
Wands
 u - a wand of flame (35)
 y - a wand of acid (6)
Scrolls
 c - a scroll of fear
 d - a scroll of remove curse {unknown}
 e - a scroll of amnesia
 f - 3 scrolls of teleportation
 m - a scroll of immolation
 o - 2 scrolls of magic mapping
 p - a scroll of enchant weapon
 z - a scroll of summoning {unknown}
Potions
 h - a potion of mutation {unknown}
 l - 3 potions of curing
 n - 2 potions of flight
 q - 2 potions of haste
 s - a potion of ambrosia {unknown}


   Skills:
 - Level 1.1 Fighting
 - Level 2.6 Dodging
 + Level 9.3 Unarmed Combat
 - Level 2.0 Spellcasting
 - Level 11.0 Transmutations


You had 3 spell levels left.
You knew the following spells:

 Your Spells              Type           Power        Failure   Level
a - Beastly Appendage     Tmut           64%          10%         1
b - Spider Form           Tmut/Pois      8%           41%         3
c - Blade Hands           Tmut           16%          38%         5

Your spell library contained the following spells:

 Spells                   Type           Power        Failure   Level
 Wereblood                Tmut           32%          11%         2
 Confusing Touch          Hex            1%           90%         3
 Gell's Gravitas          Tloc           0%           90%         3
 Ice Form                 Ice/Tmut       16%          67%         4
 Petrify                  Tmut/Erth      16%          67%         4
 Yara's Violent Unravell  Hex/Tmut       8%           90%         5
 Metabolic Englaciation   Hex/Ice        0%           100%        5


Dungeon Overview and Level Annotations

Branches:
Dungeon (7/15)             Temple (1/1) D:5         Ossuary (visited)

Altars:
Cheibriados
Dithmenos
Elyvilon
Fedhas
Gozag
Hepliaklqana
Kikubaaqudgha
Makhleb
Ru
Trog
Wu Jian
Xom
Yredelemnul
Zin
The Shining One

Shops:
D:4 *!


Message History

An ogre comes into view. It is wielding a +0 giant club.
Unknown command.
The bullfrog barely misses you.
Unknown command.
You slice the green ugly thing!!
The green ugly thing is heavily wounded.
Unknown command.
You hit the green ugly thing.
The green ugly thing is heavily wounded.
Unknown command.
You slash the green ugly thing! Your slash misses the green ugly thing.
The green ugly thing is severely wounded.
The green ugly thing bites you!
* * * LOW HITPOINT WARNING * * *
You are lethally poisoned!
The green ugly thing poisons you!
Unknown command.
You slice the green ugly thing!!
The green ugly thing is almost dead.
You die...

######.#####.#<#
#.... #.# #.#.#
##.O.# #.#
#.#.###....# #.
#...##.O...##
##..##.#....##
####....#..#..##
#..K...##......#
#.#u#......?......
#.
#@##............
..
#..###)...#......
.#
#..###..#........#
. ...#
#.†##..!......
..##
#####.#....... ##.
..#...... #
.#..... ..


You could see a green ugly thing and a big kobold.

Vanquished Creatures
  Sigmund (D:5)
  Eustachio (D:6)
  Menkaure (D:4)
  An orc warrior (D:7)
  2 ogres (D:5)
  A centaur (D:5)
  2 big kobolds (D:4)
  2 bullfrogs (D:7)
  2 scorpions
  3 wights (D:6)
  A bullfrog skeleton (D:5)
  A hound (D:5)
  Terence (D:2)
  An iguana (D:4)
  3 worker ants
  4 big kobold zombies (Ossuary)
  2 hound skeletons (D:5)
  2 mummies (Ossuary)
  A worker ant zombie (D:5)
  3 gnolls
  8 adders
  A white imp (D:6)
  An ufetubus (D:5)
  An ooze (D:2)
  2 adder skeletons
  A worm (D:2)
  A dart slug (D:3)
  7 leopard geckos
  8 orcs
  5 giant cockroaches
  7 goblins
  2 hobgoblins
  8 jackals
  3 quokkas
  A ball python (D:2)
  6 bats
  2 frilled lizards
  A gnoll zombie (Ossuary)
  2 goblin zombies
  2 hobgoblin zombies (Ossuary)
  11 kobolds
  6 orc zombies (Ossuary)
  A quokka zombie (D:6)
  9 rats
  A rat zombie (D:5)
132 creatures vanquished.

Vanquished Creatures (others)
  A fungus (D:2)
  2 plants (D:2)
3 creatures vanquished.

Grand Total: 135 creatures vanquished

Notes
Turn   | Place    | Note
-------+----------+-------------------------------------------
     0 | D:1      | leafyfresh the Merfolk Transmuter began the quest for the
                  | Orb.
     0 | D:1      | Reached XP level 1. HP: 15/15 MP: 3/3
   179 | D:1      | Reached skill level 3 in Transmutations
   395 | D:1      | Reached XP level 2. HP: 17/21 MP: 3/5
   620 | D:1      | Reached skill level 4 in Transmutations
   874 | D:2      | Noticed Terence
   877 | D:2      | Reached XP level 3. HP: 22/26 MP: 4/6
  1528 | D:1      | Reached skill level 5 in Transmutations
  1645 | D:1      | Learned a level 3 spell: Spider Form
  2155 | D:2      | Reached XP level 4. HP: 29/32 MP: 2/7
  2393 | D:2      | Found an opulent altar of Gozag.
  2473 | D:2      | Reached skill level 6 in Transmutations
  2888 | D:2      | Killed Terence
  2889 | D:2      | Reached XP level 5. HP: 32/37 MP: 3/8
  2993 | D:2      | Found a sacrificial altar of Ru.
  3194 | D:3      | Found an ancient bone altar of Kikubaaqudgha.
  3580 | D:3      | Reached skill level 7 in Transmutations
  3653 | D:3      | Found a blossoming altar of Fedhas.
  3922 | D:4      | Found Wlaastimu's Whimsical Warehouse.
  4134 | D:4      | Noticed Menkaure
  4834 | D:4      | Found Jattuvox's Distillery.
  4835 | D:4      | Found a hazy altar of Hepliaklqana.
  4848 | D:4      | Killed Menkaure
  4849 | D:4      | Reached skill level 8 in Transmutations
  4849 | D:4      | Reached XP level 6. HP: 5/43 MP: 1/9
  5262 | D:4      | Learned a level 5 spell: Blade Hands
  5370 | D:4      | Reached skill level 9 in Transmutations
  5723 | D:4      | Reached XP level 7. HP: 40/48 MP: 3/10
  5842 | D:4      | Reached skill level 10 in Transmutations
  5943 | D:5      | Entered Level 5 of the Dungeon
  5957 | D:5      | Found a sand-covered staircase.
  6047 | Ossuary  | Entered an ossuary
  6821 | D:5      | Found a staircase to the Ecumenical Temple.
  6830 | Temple   | Entered the Ecumenical Temple
  6967 | Temple   | Became a worshipper of Cheibriados the Contemplative
  7149 | D:5      | Reached skill level 5 in Unarmed Combat
  7205 | D:5      | Reached XP level 8. HP: 47/54 MP: 3/11
  7570 | D:5      | Noticed Sigmund
  7574 | D:5      | Killed Sigmund
  7656 | D:5      | Found a sacrificial altar of Ru.
  8462 | D:6      | Found a basalt altar of Yredelemnul.
  8575 | D:6      | Noticed Eustachio
  8612 | D:6      | Killed Eustachio
  8863 | D:6      | Reached * piety under Cheibriados
  8906 | D:6      | Got a flickering golden ring
  9069 | D:6      | Reached skill level 11 in Transmutations
  9220 | D:6      | Identified the ring of Inaniddogg {EV+4 SInv} (You found it
                  | on level 6 of the Dungeon)
  9277 | D:7      | Reached XP level 9. HP: 30/59 MP: 1/12
  9284 | D:7      | Noticed a green ugly thing
  9292 | D:7      | HP: 1/59 [green ugly thing (13)]
  9293 | D:7      | Succumbed to a green ugly thing's poison

Illustrated notes

Levels and vault maps discovered:
D:1:      noname_arrival_rooms_in_the_neighbourhood, layout_basic
D:2:      layout_rooms, overflow_temple_1_default,
          nicolae_ru_the_path_less_chosen, uniq_terence
D:3:      layout_basic, lemuel_doored_altar, fedhas_altar_1, minmay_box_of_dots
D:4:      cheibrodos_thug_alley, layout_rooms, kennysheep_mini_moat,
          serial_shops, shop, nicolae_alphabet_shops, uniq_menkaure
D:5:      layout_gridville, kennysheep_little_box, minmay_temple_entry_waves,
          enter_ossuary_4, due_unseen_surprise, uniq_sigmund
D:6:      layout_basic, general_overflow_altar, item_on_display_a,
          uniq_eustachio
D:7:      minmay_the_grid_octo_triangle [minmay_the_grid_octo_empty,
          minmay_the_grid_octo_prize_ultimate_mussel_roller,
          minmay_the_grid_octo_tetromino_candy], layout_rooms,
          nemelex_altar_shiori
Temple:   regret_index_temple_generic_petals

Skill      XL: |  1  2  3  4  5  6  7  8  9 |
---------------+----------------------------+-----
Transmutations | 3 4 5 6 8 9 10 11 | 11.0
Unarmed Combat | 5 8 9 |  9.3
Fighting       | |  1.1
Dodging        | |  2.6
Spellcasting   | |  2.0

Action                   |  1- 3 |  4- 6 |  7- 9 || total
-------------------------+-------+-------+-------++-------
Melee: Unarmed           |   102 |   180 |   183 ||   465
       Headbutt          |     7 |       |       ||     7
       Punch             |       |       |     5 ||     5
 Cast: Beastly Appendage |     9 |     2 |     1 ||    12
       Spider Form       |     3 |    16 |     4 ||    23
       Blade Hands       |       |     2 |    21 ||    23
  Use: Potion            |     1 |       |     1 ||     2
       Scroll            |       |     7 |     7 ||    14
 Stab: Sleeping          |     1 |     1 |       ||     2
Armor: Robe              |    18 |    14 |    33 ||    65
       Skin              |     1 |     7 |     3 ||    11
Dodge: Dodged            |   106 |   140 |   123 ||   369
